Map: Pendiente de Agustín EE

Players

Cymek

  • Race: Zerg Zerg
  • Spawn Location: 6:00

MercN

  • Race: Terran Terran
  • Spawn Location: 5:00

iSmightThee

  • Race: Protoss Protoss
  • Spawn Location: 6:00

MrFercho - Winner!

  • Race: Zerg Zerg
  • League: Silver
  • Spawn Location: 11:00

TATORREA - Winner!

  • Race: Protoss Protoss
  • League: Silver
  • Spawn Location: 12:00

tigro - Winner!

  • Race: Terran Terran
  • League: Bronze
  • Spawn Location: 12:00

VOD

Have the link to the VOD?

Description

Time

  • Played on: June 14, 2020, 11:47 p.m.
  • Length: 27:16
Show
View Real Time Build Order
Export as new Build Order

Cymek Zerg 

Build Orders: Pool First 

Get SALT Encoding   

  12  0:04  Drone  
  13  0:13  Overlord  
  13  0:19  Drone  
  14  0:36  Drone x2  
  16  0:45  Spawning Pool  
  16  0:47  Drone  
  16  1:03  Drone x2  
  18  1:21  Extractor, Drone x2  
  19  1:32  Hatchery  
  18  1:33  Queen  
  18  1:37  Drone  
  21  1:53  Zergling x2  
  22  1:57  Overlord  
  22  2:07  Evolution Chamber  
  21  2:16  Zergling x4  
  23  2:27  Drone  
  24  2:46  Queen  
  24  2:48  Drone x4  
  24  2:49  Drone  
  31  2:54  Metabolic Boost  
  31  3:04  Drone x3  
  34  3:07  Lair  
  34  3:19  Extractor, Drone x2  
  33  3:51  Drone x3  
  33  3:52  Hatchery, Drone  
  33  3:54  Extractor  
  35  3:55  Overlord x2  
  35  3:56  Extractor  
  34  4:09  Queen  
  36  4:24  Drone  
  36  4:25  Drone x9  
  46  4:38  Spire  
  45  4:39  Spore Crawler  
  45  4:41  Spore Crawler  
  43  4:45  Drone  
  43  4:46  Drone x2  
  46  5:12  Infestation Pit  
  45  5:17  Drone x2  
  45  5:19  Drone  
  45  5:20  Drone x8  
  56  5:23  Zerg Missile Weapons Level 1  
  56  5:33  Drone x2  
  58  5:43  Extractor  
  58  5:45  Extractor  
  58  5:47  Drone x2  
  58  5:50  Overlord  
  58  5:51  Overlord  
  58  6:09  Overlord  
  58  6:10  Overlord x2  
  58  6:14  Drone x3  
  61  6:18  Mutalisk  
  61  6:19  Mutalisk x4  
  61  6:23  Zerg Flyer Weapons Level 1  
  71  6:35  Zergling x14  
  71  6:36  Zergling x8  
  82  6:44  Hive  
  82  7:11  Mutalisk  
  82  7:12  Mutalisk x3  
  82  7:14  Zergling x6  
  82  7:15  Zergling x4  
  95  7:17  Zerg Melee Weapons Level 1  
  95  7:24  Overlord x3  
  95  7:25  Overlord x4  
  95  7:49  Mutalisk  
  95  7:50  Mutalisk x3  
  103  7:52  Zergling x8  
  107  8:02  Drone x2  
  109  8:17  Zerg Flyer Armor Level 1  
  108  8:33  Zergling x2  
  114  8:34  Zergling x20  
  113  9:00  Zergling x16  
  115  9:11  Zerg Ground Armor Level 1  
  112  9:24  Mutalisk  
  112  9:25  Mutalisk x6  
  126  9:33  Hatchery  
  125  9:41  Mutalisk  
  125  9:42  Mutalisk x5  
  137  9:57  Overlord x5  
  137  9:58  Overlord  
  137  9:59  Overlord x2  
  137  10:02  Pneumatized Carapace  
  133  10:37  Mutalisk x8  
  133  10:38  Mutalisk x2  
  153  10:58  Mutalisk x6  
  165  11:10  Mutalisk  
  166  11:13  Zergling x18  
  165  11:52  Viper x2  
  165  11:53  Viper x2  
  171  11:59  Corruptor  
  171  12:09  Zergling x8  
  171  12:10  Zergling x12  
  171  12:11  Zerg Melee Weapons Level 2  
  181  12:22  Extractor  
  180  12:23  Extractor  
  180  12:27  Spine Crawler, Spore Crawler  
  174  13:09  Corruptor x7  
  174  13:10  Corruptor x3  
  158  13:35  Zergling x2  
  151  13:50  Zergling x10  
  151  13:51  Zergling x14  
  161  14:01  Mutalisk  
  153  14:24  Zergling x2  
  153  14:25  Zergling x20  
  162  14:45  Zergling x2  
  163  14:46  Zergling x8  
  163  14:50  Zerg Ground Armor Level 2  
  167  14:57  Greater Spire  
  167  15:01  Spire  
  166  15:13  Zergling x18  
  166  15:14  Zergling x4  
  156  15:26  Zergling x10  
  126  15:37  Zergling x2  
  126  15:38  Zergling x4  
  118  16:15  Zergling x2  
  118  16:16  Zergling x22  
  123  16:25  Hatchery  
  80  17:06  Zerg Melee Weapons Level 3  
  77  17:15  Zergling x2  
  72  17:16  Zergling x20  
  80  17:36  Zergling x2  
  81  17:37  Zergling x4  
  83  17:45  Zergling x2  
  80  18:28  Hatchery  
  79  18:39  Corruptor  
  79  18:40  Corruptor x7  
  95  18:41  Hatchery  
  94  18:51  Corruptor  
  83  19:38  Zergling x8  
  87  20:20  Zergling x6  
  44  22:11  Hatchery  
  43  22:18  Hatchery  
  36  24:22  Drone x3  
  38  24:53  Extractor  
  38  24:54  Extractor  
  38  24:58  Spawning Pool  
  33  25:46  Zergling x6  
Show
View Real Time Build Order
Export as new Build Order

MercN Terran 

Build Orders:  

Get SALT Encoding   

  12  0:02  SCV  
  13  0:24  Supply Depot  
  13  0:43  SCV  
  13  0:46  Supply Depot  
  14  0:55  SCV  
  15  1:07  SCV  
  15  1:09  Supply Depot  
  16  1:19  SCV  
  17  1:31  SCV  
  17  1:32  Supply Depot  
  18  1:39  Engineering Bay  
  18  1:43  SCV  
  19  1:56  SCV  
  20  2:01  Barracks  
  20  2:05  Refinery  
  20  2:08  SCV  
  21  2:11  Refinery  
  21  2:21  Missile Turret  
  21  2:29  Missile Turret  
  21  2:41  Missile Turret  
  21  2:47  SCV  
  22  2:51  Missile Turret  
  22  3:05  SCV  
  23  3:20  Barracks Reactor  
  23  3:22  Missile Turret  
  23  3:25  Terran Infantry Weapons Level 1  
  23  3:46  Factory  
  23  3:53  SCV  
  24  3:58  Marine  
  24  3:59  Marine  
  26  4:16  Marine x2  
  28  4:34  Marine x2  
  28  4:37  Starport  
  28  4:38  Orbital Command  
  30  4:51  Command Center, Factory Tech Lab  
  30  4:52  Marine x2  
  32  5:07  SCV  
  33  5:15  Refinery  
  33  5:19  Terran Infantry Armor Level 1, SCV  
  34  5:28  Missile Turret  
  34  5:31  SCV  
  35  5:39  Missile Turret x2  
  35  5:43  SCV  
  35  5:47  Missile Turret  
  36  5:50  Starport Reactor  
  36  5:54  Starport  
  36  5:55  SCV  
  37  6:00  Missile Turret  
  37  6:03  Planetary Fortress  
  37  6:12  Barracks  
  37  6:22  Refinery  
  37  6:28  Missile Turret  
  37  6:38  Supply Depot  
  37  6:47  SCV  
  38  6:58  SCV  
  38  6:59  SCV  
  40  7:09  Supply Depot  
  40  7:11  SCV  
  40  7:13  Hi-Sec Auto Tracking  
  41  7:23  SCV  
  42  7:32  Supply Depot  
  42  7:35  SCV  
  43  7:44  Armory  
  43  7:47  SCV, Starport Tech Lab  
  44  7:54  Viking x2  
  48  8:03  SCV  
  49  8:15  SCV  
  49  8:19  Supply Depot  
  50  8:20  Barracks Tech Lab  
  50  8:24  Viking x2  
  54  8:27  SCV  
  55  8:34  Terran Infantry Weapons Level 2  
  55  8:39  SCV  
  55  8:40  Viking  
  55  8:41  Supply Depot  
  58  8:51  SCV  
  58  8:54  Viking x2  
  63  8:59  Command Center  
  63  9:16  Siege Tank  
  66  9:18  Marine x2  
  68  9:36  Marine x2  
  70  9:48  Siege Tank  
  73  9:54  Marine  
  74  10:12  Marine  
  75  10:22  Viking x2  
  79  10:29  Marine  
  80  10:38  Planetary Fortress  
  80  10:47  Marine  
  81  10:50  Terran Infantry Armor Level 2  
  81  10:52  Viking x2  
  85  10:59  Siege Tank  
  85  11:02  Marine x2  
  90  11:05  Marine  
  91  11:18  Terran Vehicle Weapons Level 1  
  91  11:19  Marine  
  91  11:20  Marine  
  91  11:22  Viking x2  
  91  11:23  Marine  
  98  11:27  SCV  
  98  11:31  Siege Tank, SCV  
  103  11:37  Marine x2  
  103  11:39  SCV  
  106  11:41  Viking, Marine  
  106  11:43  SCV  
  110  11:55  Marine x2, SCV  
  113  12:07  SCV  
  114  12:11  Viking  
  114  12:15  Marine  
  117  12:43  Supply Depot  
  117  13:05  Viking x2, Supply Depot, Marine x3, SCV  
  125  13:06  Neosteel Armor  
  125  13:12  Terran Ship Weapons Level 1  
  125  13:27  Viking, Marine x3, SCV  
  125  13:30  Supply Depot  
  131  13:35  Viking  
  133  13:48  Supply Depot  
  133  13:52  Viking, Marine x3, SCV  
  133  13:53  Supply Depot  
  139  13:57  Viking  
  141  14:10  Viking, Marine x3, SCV  
  141  14:12  Supply Depot  
  141  14:15  Supply Depot, Siege Tank  
  150  14:22  Viking, SCV  
  153  14:27  Viking  
  153  14:28  Marine  
  156  14:39  Supply Depot  
  156  14:40  Viking  
  156  14:41  Supply Depot  
  156  14:42  Refinery  
  158  14:47  Siege Tank  
  161  14:57  Viking  
  163  15:06  Terran Vehicle And Ship Armor Level 1  
  163  15:11  Supply Depot  
  163  15:13  Supply Depot  
  163  15:19  Siege Tank  
  166  15:27  Viking  
  135  15:57  Viking  
  74  16:47  Marine  
  67  16:59  Viking  
  65  17:02  Viking x2  
  65  17:05  Marine, Siege Tank  
  65  17:08  Marine x2  
  71  17:23  Marine  
  71  17:26  Marine x2  
  71  17:29  Viking  
  76  17:32  Viking x2  
  76  17:37  Siege Tank  
  76  17:40  Marine  
  76  17:43  Marine  
  76  17:44  Marine  
  73  17:58  Marine  
  73  17:59  Viking  
  73  18:01  Marine x2  
  73  18:02  Viking x2  
  82  18:10  Siege Tank  
  85  18:16  Marine  
  85  18:19  Marine x2  
  88  18:29  Viking  
  88  18:31  Viking, Command Center  
  88  18:32  Viking  
  94  18:34  Marine  
  94  18:37  Marine x2  
  97  18:42  Siege Tank  
  100  18:52  Marine  
  100  18:55  Marine x2  
  103  18:59  Viking  
  103  19:01  Viking  
  103  19:02  Viking  
  109  19:14  Siege Tank  
  112  19:29  Viking  
  114  19:31  Viking  
  114  19:32  Viking  
  118  19:46  Siege Tank  
  121  19:59  Viking  
  123  20:01  Viking  
  125  20:25  Marine  
  125  20:27  Marine x2  
  128  20:29  Viking  
  128  20:31  Viking x2  
  132  20:43  Marine  
  132  20:45  Marine x2  
  118  21:00  Marine  
  118  21:01  Viking x2  
  118  21:02  Marine  
  118  21:03  Marine  
  91  21:18  Marine  
  91  21:20  Marine x2  
  94  21:31  Viking x2  
  98  21:36  Marine  
  99  21:47  Command Center  
  99  21:56  Command Center  
  99  22:01  Viking  
  99  22:04  Marine  
  99  22:22  Marine  
  100  22:56  Command Center  
  91  23:17  Marine  
  91  23:19  Marine x2  
  91  23:25  Siege Tank  
  94  23:27  Viking  
  96  23:35  Marine  
  96  23:37  Marine x2  
  99  23:53  Marine  
  99  23:55  Marine x2  
  102  23:57  Viking  
  92  24:11  Marine  
  92  24:12  Marine  
  92  24:13  Marine  
  81  24:27  Viking  
  81  24:28  Marine  
  84  24:57  Viking  
  72  26:28  SCV  
  73  26:40  SCV  
  74  26:52  SCV  
Show
View Real Time Build Order
Export as new Build Order

iSmightThee Protoss 

Build Orders:  

Get SALT Encoding   

  12  0:02  Probe  
  13  0:14  Probe  
  13  0:21  Pylon  
  14  0:26  Probe  
  15  0:43  Gateway, Probe  
  16  0:52  Probe  
  17  1:03  Probe  
  18  1:15  Pylon  
  19  1:18  Probe  
  19  1:23  Assimilator  
  19  1:25  Assimilator  
  19  1:39  Cybernetics Core  
  19  1:49  Pylon  
  19  2:07  Nexus  
  19  2:26  Gateway  
  19  2:34  Stargate  
  19  2:37  Probe  
  20  2:45  Probe  
  21  2:55  Probe  
  22  3:05  Protoss Air Weapons Level 1, Pylon  
  22  3:07  Probe  
  22  3:11  Zealot  
  22  3:12  Pylon  
  25  3:14  Zealot  
  25  3:19  Probe  
  28  3:25  Stargate  
  28  3:27  Probe  
  29  3:35  Probe  
  30  3:45  Probe  
  31  3:57  Probe  
  32  4:09  Probe, Nexus  
  33  4:18  Probe  
  33  4:21  Probe  
  35  4:27  Void Ray  
  39  4:33  Probe  
  40  4:43  Void Ray  
  44  4:45  Probe  
  44  4:52  Assimilator  
  45  4:54  Probe  
  45  4:55  Assimilator  
  46  5:02  Probe  
  47  5:12  Probe  
  47  5:13  Protoss Air Armor Level 1  
  48  5:22  Probe  
  48  5:24  Probe  
  48  5:26  Assimilator  
  50  5:30  Probe  
  50  5:31  Assimilator  
  50  5:33  Probe  
  51  5:40  Probe  
  51  5:41  Probe  
  52  5:47  Void Ray  
  52  5:48  Void Ray  
  62  5:50  Probe  
  62  5:52  Probe  
  62  5:56  Stargate  
  64  6:01  Stargate  
  64  6:02  Probe  
  65  6:04  Probe  
  66  6:14  Probe  
  66  6:16  Probe  
  68  6:26  Probe  
  68  6:28  Probe  
  68  6:30  Void Ray  
  74  6:35  Fleet Beacon  
  74  6:39  Probe  
  75  6:41  Probe  
  76  6:48  Void Ray  
  76  6:51  Probe  
  76  6:52  Probe  
  82  7:00  Probe  
  82  7:06  Probe  
  83  7:08  Probe  
  85  7:26  Pylon  
  85  7:29  Pylon  
  85  7:42  Pylon  
  85  7:44  Probe x2  
  85  7:45  Pylon  
  85  7:47  Void Ray x3  
  85  7:49  Pylon  
  99  7:56  Probe x2  
  99  7:58  Pylon  
  101  8:00  Void Ray  
  101  8:01  Protoss Air Weapons Level 2  
  101  8:03  Pylon  
  105  8:07  Pylon  
  105  8:08  Probe  
  106  8:13  Nexus  
  106  8:20  Probe  
  107  8:30  Void Ray x3  
  119  8:46  Stargate  
  119  8:51  Stargate  
  119  8:59  Forge  
  119  9:08  Probe  
  120  9:20  Probe  
  120  9:23  Probe  
  121  9:25  Assimilator  
  121  9:29  Assimilator  
  121  9:31  Probe  
  122  9:32  Protoss Shields Level 1  
  123  9:40  Probe  
  124  9:46  Void Ray x4  
  124  9:47  Void Ray x2  
  124  9:52  Probe  
  149  10:04  Probe  
  150  10:16  Probe  
  151  10:29  Probe  
  151  10:34  Protoss Air Armor Level 2  
  152  10:37  Void Ray  
  152  10:38  Void Ray x2  
  164  10:51  Pylon  
  164  11:03  Pylon  
  164  11:06  Pylon  
  164  11:09  Void Ray, Probe  
  164  11:10  Pylon  
  169  11:20  Void Ray x2  
  169  11:21  Probe  
  169  11:23  Void Ray x2  
  186  11:33  Probe  
  187  11:45  Probe  
  188  11:57  Probe  
  189  12:03  Twilight Council, Anion Pulse-Crystals  
  189  12:34  Nexus  
  189  12:40  Assimilator  
  189  12:43  Protoss Shields Level 2  
  189  12:44  Assimilator  
  189  13:08  Unknown  
  189  13:12  Protoss Air Weapons Level 3  
  189  13:13  Void Ray  
  189  13:16  Pylon  
  189  13:18  Pylon  
  193  13:20  Pylon  
  193  13:24  Pylon  
  193  13:34  Void Ray  
  197  13:42  Pylon  
  197  13:57  Pylon  
  197  14:23  Void Ray  
  197  15:18  Void Ray  
  197  15:19  Void Ray x2  
  197  15:25  Mothership  
  190  16:01  Void Ray  
  178  16:10  Protoss Air Armor Level 3  
  141  16:28  Probe  
  142  16:40  Probe  
  142  16:41  Nexus  
  142  16:43  Void Ray x5  
  142  16:44  Void Ray  
  167  16:52  Probe  
  168  17:04  Probe  
  165  17:16  Probe  
  134  17:25  Void Ray  
  134  17:26  Void Ray x4  
  134  17:27  Void Ray  
  152  18:08  Void Ray x2, Probe  
  152  18:09  Void Ray x4  
  177  18:16  Probe  
  177  18:25  Probe  
  177  18:37  Probe  
  178  18:49  Probe, Nexus  
  178  18:51  Void Ray x3  
  178  18:52  Void Ray x2  
  186  19:34  Void Ray x3  
  154  20:07  Void Ray x2  
  154  20:08  Void Ray  
  166  20:17  Void Ray x3  
  162  20:50  Void Ray x3  
  173  21:00  Void Ray x3  
  169  21:33  Void Ray x3  
  181  21:42  Void Ray  
  181  21:43  Void Ray x2  
  188  22:16  Void Ray  
  22  26:50  Gateway  
Show
View Real Time Build Order
Export as new Build Order

MrFercho Zerg - Winner!

Build Orders: Hatch First 

Get SALT Encoding   

  12  0:01  Drone  
  13  0:17  Overlord  
  13  0:19  Drone  
  14  0:37  Drone x2  
  16  0:52  Hatchery  
  16  0:56  Drone  
  16  1:05  Drone  
  16  1:06  Drone  
  18  1:18  Spawning Pool  
  17  1:21  Drone  
  17  1:22  Drone  
  19  1:29  Extractor  
  18  1:33  Drone  
  19  1:44  Drone  
  20  1:55  Drone  
  21  2:04  Drone  
  21  2:05  Queen  
  21  2:06  Queen  
  21  2:07  Drone  
  27  2:18  Overlord x2  
  27  2:29  Drone  
  28  2:43  Roach Warren  
  27  2:55  Spine Crawler  
  26  3:02  Evolution Chamber  
  25  3:08  Queen  
  25  3:09  Spine Crawler  
  26  3:36  Spine Crawler  
  26  3:37  Spine Crawler  
  26  3:38  Zerg Missile Weapons Level 1  
  24  3:49  Drone  
  24  3:50  Drone x9  
  24  3:51  Drone x2  
  36  3:58  Extractor  
  36  4:00  Extractor  
  34  4:05  Lair  
  34  4:10  Drone  
  34  4:11  Drone  
  36  4:29  Drone  
  36  4:30  Drone x6  
  43  4:42  Drone  
  43  4:44  Overlord x4  
  44  5:11  Drone x4  
  48  5:14  Drone x2  
  48  5:20  Hatchery  
  49  5:25  Drone  
  49  5:26  Drone x2  
  49  5:27  Drone x3  
  55  5:30  Extractor  
  55  5:31  Drone  
  55  5:49  Roach x2  
  59  5:54  Roach x5  
  59  5:55  Roach x2  
  73  5:58  Zerg Ground Armor Level 1  
  73  6:06  Evolution Chamber  
  72  6:15  Hydralisk Den  
  71  6:20  Drone  
  71  6:22  Glial Reconstitution  
  72  6:29  Drone x4  
  76  6:34  Drone x4  
  76  6:37  Overlord  
  80  6:49  Spine Crawler  
  79  7:05  Spore Crawler  
  79  7:07  Overlord x2  
  78  7:10  Drone x7  
  85  7:18  Extractor  
  85  7:19  Extractor  
  83  7:29  Zerg Missile Weapons Level 2  
  83  8:08  Drone  
  83  8:09  Extractor, Drone x4  
  83  8:12  Extractor, Hatchery, Drone  
  86  8:21  Drone  
  86  8:22  Drone x2  
  86  8:26  Queen  
  89  8:28  Overseer  
  79  8:37  Spine Crawler  
  79  8:40  Spine Crawler  
  71  8:54  Hydralisk  
  71  8:55  Hydralisk x8  
  89  9:22  Hatchery  
  88  9:25  Grooved Spines  
  88  9:36  Drone x9  
  97  9:45  Zerg Ground Armor Level 2  
  97  9:57  Infestation Pit  
  97  9:58  Overlord  
  97  9:59  Overlord x7  
  96  10:26  Drone x7  
  96  10:27  Drone x2  
  105  10:36  Muscular Augments  
  105  10:53  Drone x8  
  105  10:54  Drone x4  
  111  11:34  Spine Crawler  
  97  11:40  Queen  
  97  11:43  Spine Crawler  
  98  11:49  Queen  
  100  12:06  Drone x10  
  100  12:07  Drone x13  
  123  12:12  Pneumatized Carapace  
  123  12:15  Hydralisk x2  
  123  12:16  Hydralisk x5  
  137  12:33  Hatchery  
  137  12:35  Hatchery x2  
  137  12:36  Tunneling Claws  
  134  12:46  Hydralisk x12  
  134  12:47  Hydralisk x4  
  153  13:44  Spore Crawler  
  153  13:45  Spore Crawler  
  153  13:48  Hydralisk x9  
  151  13:49  Hydralisk x10  
  151  13:53  Spore Crawler x2  
  151  13:55  Queen  
  186  13:56  Spore Crawler  
  181  14:03  Spore Crawler  
  181  14:04  Spore Crawler  
  173  14:11  Spore Crawler  
  173  14:15  Spore Crawler  
  169  14:54  Drone x6  
  169  14:55  Drone x19  
  164  15:53  Drone x12  
  164  15:54  Drone x2  
  112  16:21  Hydralisk x6  
  112  16:22  Hydralisk x14  
  132  16:40  Hatchery  
  132  16:45  Hatchery  
  130  16:47  Hatchery  
  129  17:10  Hive  
  129  17:51  Hydralisk x21  
  129  17:52  Hydralisk x2  
  175  18:02  Spore Crawler  
  173  18:06  Spore Crawler  
  170  18:33  Overlord x3  
  170  18:34  Overlord x6  
  170  18:40  Hydralisk  
  170  18:41  Hydralisk x8  
  172  18:42  Extractor  
  172  18:47  Extractor  
  186  18:59  Extractor  
  185  19:03  Extractor  
  142  19:38  Hydralisk x3  
  142  19:39  Hydralisk x24  
  128  19:59  Spore Crawler x2  
  126  20:00  Spore Crawler  
  126  20:01  Spore Crawler  
  126  20:06  Hydralisk  
  126  20:07  Hydralisk x15  
  124  20:12  Queen  
  158  20:31  Hydralisk x10  
  158  20:32  Hydralisk x7  
  192  20:37  Zerg Ground Armor Level 3  
  192  20:38  Zerg Missile Weapons Level 3  
  192  21:51  Hatchery  
  191  21:56  Hatchery  
  191  21:59  Drone x10  
  186  22:24  Hydralisk x5  
  186  22:25  Hydralisk x5  
  188  23:38  Hydralisk x6  
  195  23:58  Hatchery  
  192  24:07  Spore Crawler  
  192  24:09  Spore Crawler x2  
  177  24:20  Hydralisk x5  
  177  24:21  Hydralisk x6  
  180  25:59  Spore Crawler  
  180  26:00  Spore Crawler  
  180  26:01  Spore Crawler  
  180  26:02  Spore Crawler  
  157  26:27  Spore Crawler x2  
  155  26:33  Spore Crawler  
  155  26:35  Spore Crawler  
Show
View Real Time Build Order
Export as new Build Order

TATORREA Protoss - Winner!

Build Orders:  

Get SALT Encoding   

  12  0:01  Probe  
  13  0:17  Pylon  
  13  0:19  Probe  
  14  0:31  Probe  
  15  0:39  Gateway, Probe  
  15  0:47  Probe  
  16  0:51  Assimilator  
  17  0:58  Probe  
  18  1:10  Probe  
  19  1:12  Pylon  
  19  1:13  Assimilator  
  19  1:19  Probe  
  20  1:27  Probe  
  21  1:35  Cybernetics Core  
  21  1:36  Probe  
  22  1:48  Probe  
  23  2:00  Probe  
  24  2:07  Nexus  
  24  2:13  Pylon, Probe  
  24  2:21  Probe  
  25  2:26  Warp Gate  
  26  2:30  Probe  
  27  2:37  Stalker  
  27  2:43  Probe  
  30  2:55  Probe  
  31  3:07  Stalker, Probe  
  34  3:19  Probe  
  35  3:21  Probe  
  36  3:31  Probe  
  36  3:33  Probe  
  38  3:43  Probe  
  38  3:45  Probe  
  38  3:47  Gateway  
  40  3:50  Gateway  
  40  3:52  Robotics Facility  
  40  3:54  Gateway  
  40  3:55  Probe  
  41  3:57  Probe  
  41  4:02  Pylon  
  42  4:03  Pylon  
  42  4:08  Probe  
  42  4:09  Pylon, Probe  
  44  4:13  Pylon  
  44  4:16  Assimilator  
  44  4:18  Assimilator  
  44  4:20  Probe  
  44  4:21  Probe  
  46  4:32  Probe  
  46  4:34  Probe  
  46  4:36  Nexus  
  48  4:39  Pylon  
  48  4:44  Probe  
  49  4:46  Probe  
  50  4:56  Probe  
  50  4:58  Probe  
  52  5:04  Stalker x2  
  52  5:05  Stalker x2  
  60  5:08  Immortal  
  64  5:18  Twilight Council  
  64  5:20  Probe x2  
  66  5:32  Probe x2  
  66  5:35  Stalker x2  
  72  5:36  Stalker  
  72  5:40  Stalker  
  76  5:44  Probe x2  
  76  5:49  Immortal  
  82  5:50  Probe  
  82  5:56  Probe x2  
  85  6:02  Pylon, Probe  
  86  6:06  Pylon  
  86  6:08  Probe x2  
  86  6:10  Pylon  
  88  6:14  Probe  
  89  6:25  Probe  
  89  6:26  Probe x2  
  92  6:34  Stalker x2  
  92  6:38  Probe x2  
  92  6:39  Probe  
  99  6:43  Nexus  
  99  6:44  Stalker  
  99  6:45  Stalker, Pylon  
  103  6:49  Immortal  
  103  6:50  Probe x2  
  103  6:51  Probe  
  110  6:57  Assimilator x2  
  110  7:02  Probe x2  
  110  7:04  Probe  
  113  7:14  Probe x2  
  115  7:16  Probe  
  103  7:26  Probe x2  
  103  7:28  Probe  
  96  7:38  Probe x2  
  96  7:40  Probe  
  99  7:50  Probe x2  
  101  7:52  Probe  
  101  7:55  Stalker x2  
  101  7:56  Stalker x2  
  114  7:58  Immortal  
  114  8:02  Probe  
  115  8:06  Forge  
  115  8:07  Forge  
  115  8:10  Forge  
  115  8:11  Gateway x2  
  115  8:14  Gateway  
  115  8:17  Gateway  
  115  8:18  Gateway  
  115  8:20  Gateway  
  115  8:25  Probe x3  
  115  8:26  Probe  
  119  8:32  Assimilator  
  119  8:36  Assimilator  
  119  8:37  Probe x2  
  119  8:38  Probe x2  
  123  8:47  Stalker x2  
  123  8:48  Stalker x2, Protoss Ground Weapons Level 1  
  129  8:49  Protoss Ground Armor Level 1  
  129  8:50  Immortal, Protoss Shields Level 1  
  133  9:19  Probe x4  
  137  9:31  Probe x4  
  141  9:46  Stalker x3  
  147  10:00  Pylon  
  147  10:09  Pylon  
  147  10:13  Pylon  
  145  10:16  Pylon  
  145  10:21  Pylon  
  126  10:22  Probe x4  
  126  10:24  Pylon  
  130  10:34  Probe x3  
  130  10:35  Probe  
  134  10:46  Pylon, Probe x3  
  134  10:47  Probe  
  138  10:52  Pylon  
  138  10:56  Stalker, Pylon  
  140  10:57  Stalker x4  
  140  10:58  Stalker x4, Probe x2  
  140  10:59  Stalker  
  140  11:00  Pylon  
  140  11:02  Immortal  
  164  11:04  Pylon  
  164  11:17  Gateway  
  164  11:18  Nexus  
  164  11:21  Gateway, Pylon  
  164  11:24  Gateway  
  164  11:29  Gateway  
  164  11:32  Gateway  
  164  11:35  Gateway  
  164  11:36  Stalker x4  
  164  11:37  Stalker x3, Gateway  
  164  11:38  Stalker  
  164  11:39  Gateway  
  180  11:43  Gateway  
  180  11:46  Gateway  
  180  11:50  Gateway  
  180  11:57  Gateway  
  180  12:02  Stalker x4  
  180  12:03  Stalker x5  
  180  12:04  Stalker  
  200  12:12  Protoss Ground Weapons Level 2  
  200  12:13  Protoss Ground Armor Level 2  
  200  12:14  Protoss Shields Level 2  
  200  13:08  Stalker  
  200  13:09  Stalker x3  
  200  13:10  Stalker  
  200  13:11  Stalker  
  200  13:12  Stalker x2  
  197  13:13  Stalker x2  
  197  13:14  Stalker x2  
  187  13:41  Probe  
  187  13:42  Probe x2  
  187  13:43  Probe  
  191  13:50  Probe x3  
  191  13:51  Probe  
  195  13:58  Probe x2  
  195  13:59  Probe x2  
  199  14:10  Probe  
  200  14:58  Probe  
  200  14:59  Probe x3  
  187  15:10  Probe  
  187  15:11  Probe x3  
  191  15:23  Probe x4  
  195  15:35  Probe x3  
  198  15:38  Probe  
  199  15:47  Probe  
  200  15:56  Probe  
  200  15:57  Probe x2  
  177  15:59  Probe  
  177  16:04  Probe  
  161  16:09  Probe x3  
  139  16:11  Probe  
  139  16:15  Protoss Ground Weapons Level 3  
  139  16:16  Protoss Ground Armor Level 3, Probe  
  139  16:17  Protoss Shields Level 3  
  136  16:21  Probe x3  
  136  16:23  Probe  
  124  16:36  Immortal  
  96  16:40  Probe x2  
  96  16:41  Probe x3  
  96  16:46  Protoss Air Weapons Level 1  
  89  16:52  Probe x2  
  89  16:53  Probe x3  
  76  17:04  Probe  
  76  17:05  Probe x4  
  81  17:24  Pylon  
  81  17:27  Pylon  
  81  17:57  Stalker  
  81  17:58  Stalker x3  
  85  17:59  Stalker x2  
  85  18:00  Stalker x4  
  85  18:01  Stalker x4  
  85  18:02  Stalker x4  
  85  18:03  Stalker  
  119  18:07  Immortal  
  123  18:13  Stargate  
  123  18:15  Stargate  
  123  18:17  Assimilator  
  123  18:18  Assimilator  
  123  18:22  Gateway  
  123  18:23  Gateway  
  123  18:25  Gateway  
  123  18:27  Gateway  
  123  18:37  Gateway x2  
  123  18:42  Gateway  
  123  18:46  Gateway  
  123  18:47  Stalker  
  123  18:48  Stalker x4  
  129  18:49  Stalker x3  
  129  18:50  Stalker  
  129  18:51  Stalker x4  
  129  18:52  Stalker  
  129  18:53  Stalker x2  
  129  18:54  Stalker x3  
  161  19:00  Immortal  
  165  19:07  Void Ray x2  
  170  19:19  Pylon  
  170  19:25  Protoss Air Armor Level 1  
  170  19:26  Stalker x2  
  170  19:27  Stalker x3  
  170  19:28  Stalker x5  
  170  19:29  Stalker x4  
  170  19:30  Stalker  
  183  20:53  Stalker  
  167  20:58  Stalker x2  
  167  20:59  Stalker x3  
  167  21:00  Stalker x3  
  167  21:01  Stalker x2  
  167  21:02  Stalker x2  
  167  21:03  Stalker x3  
  167  21:04  Stalker x3  
  177  21:05  Stalker x2  
  177  21:06  Stalker  
  177  21:07  Nexus  
  177  21:08  Stalker x4  
  177  21:10  Stalker  
  139  21:23  Stalker  
  139  21:24  Stalker x3  
  139  21:25  Stalker x2  
  149  21:26  Stalker x3  
  149  21:27  Stalker  
  159  21:52  Nexus  
  159  21:57  Stalker x2  
  159  21:58  Stalker  
  152  22:20  Stalker  
  152  22:21  Stalker x2  
  149  22:40  Nexus  
  147  22:53  Stalker  
  136  23:30  Nexus  
  134  24:18  Pylon  
  134  24:23  Pylon  
  134  24:27  Pylon  
  134  24:58  Nexus  
  119  26:22  Pylon  
  119  26:26  Pylon  
  119  26:29  Pylon  
  119  26:33  Pylon  
  119  26:39  Pylon  
  119  26:42  Pylon  
  119  26:48  Pylon  
  119  26:57  Nexus  
  119  27:04  Nexus  
  119  27:06  Assimilator  
  119  27:16  Assimilator  
Show
View Real Time Build Order
Export as new Build Order

tigro Terran - Winner!

Build Orders:  

Get SALT Encoding   

  12  0:03  SCV  
  13  0:15  SCV  
  14  0:24  Supply Depot  
  14  0:27  SCV  
  15  0:38  Refinery  
  15  0:46  SCV  
  16  0:59  Barracks, SCV  
  17  1:07  Refinery  
  17  1:11  SCV  
  18  1:23  SCV  
  19  1:26  Supply Depot  
  19  1:35  SCV  
  20  1:47  SCV  
  20  1:48  Marine  
  22  1:59  SCV  
  23  2:04  Barracks  
  23  2:06  Marine  
  24  2:11  SCV  
  25  2:24  Marine  
  26  2:38  Engineering Bay  
  26  2:42  Marine  
  27  2:54  Factory  
  27  2:56  Barracks Tech Lab  
  27  2:59  Marine  
  28  3:05  SCV  
  29  3:17  Marine  
  30  3:35  Marine  
  31  3:45  Factory Tech Lab  
  31  3:58  Orbital Command  
  31  4:01  Command Center, Barracks Tech Lab  
  31  4:03  Combat Shield  
  31  4:28  Starport, Terran Infantry Weapons Level 1  
  31  4:37  Marine x2  
  33  4:54  Marine  
  33  4:55  Marine  
  35  5:06  Starport  
  35  5:12  Marine x2  
  37  5:15  Refinery  
  37  5:17  Medivac  
  39  5:22  Concussive Shells  
  39  5:28  SCV  
  39  5:30  Marine x2  
  42  5:40  SCV  
  42  5:41  Siege Tank  
  46  5:48  Marine x2  
  48  5:53  SCV  
  49  6:05  Stimpack, SCV  
  50  6:17  SCV  
  50  6:18  Starport Tech Lab x2  
  51  6:22  Terran Infantry Armor Level 1  
  51  6:29  Fusion Core  
  51  6:34  SCV  
  51  6:35  Refinery  
  52  6:46  SCV  
  53  6:50  Supply Depot  
  53  6:58  SCV  
  54  7:10  SCV  
  54  7:13  Supply Depot  
  54  7:14  Missile Turret  
  55  7:23  SCV  
  56  7:34  Missile Turret  
  56  7:35  SCV  
  56  7:36  Supply Depot  
  57  7:47  SCV  
  58  7:58  Missile Turret  
  58  7:59  SCV  
  59  8:16  SCV, Neosteel Armor  
  60  8:22  Missile Turret  
  60  8:28  SCV  
  61  8:34  Armory  
  61  8:40  SCV  
  62  8:43  Missile Turret  
  62  8:52  SCV  
  62  9:04  SCV  
  62  9:06  Missile Turret  
  63  9:22  Planetary Fortress  
  63  9:33  Missile Turret  
  63  9:53  Battlecruiser x2  
  63  9:56  Hi-Sec Auto Tracking  
  63  9:57  Marine  
  76  10:00  Marine  
  76  10:02  Thor  
  83  10:15  Marine  
  83  10:17  Marine  
  85  10:32  Marine  
  86  11:01  Marine x2  
  86  11:02  Battlecruiser  
  100  11:04  Battlecruiser  
  100  11:06  Terran Infantry Weapons Level 2  
  100  11:09  Terran Vehicle Weapons Level 1  
  100  11:15  Weapon Refit  
  100  11:19  Marine x2  
  102  11:37  Marine  
  92  12:06  Battlecruiser  
  98  12:09  Siege Tank  
  101  12:22  Battlecruiser  
  107  13:03  Terran Vehicle And Ship Armor Level 1  
  107  13:21  Terran Infantry Armor Level 2  
  107  13:48  Battlecruiser  
  110  14:26  Supply Depot  
  110  14:47  SCV  
  110  14:49  Supply Depot  
  111  14:57  Terran Ship Weapons Level 1  
  112  15:00  SCV  
  112  15:34  Missile Turret  
  112  15:56  Missile Turret  
  112  16:18  Missile Turret  
  112  16:22  Missile Turret  
  112  16:32  Medivac x2  
  116  16:43  Missile Turret  
  113  16:47  Missile Turret  
  102  17:02  Battlecruiser x2  
  108  17:09  Missile Turret  
  102  17:16  Missile Turret  
  88  17:31  Missile Turret  
  76  17:40  Missile Turret  
  76  17:51  Missile Turret  
  47  18:06  Battlecruiser  
  47  18:07  Battlecruiser  
  47  18:09  Marine  
  47  18:10  Marine  
  47  18:12  Missile Turret  
  61  18:27  Marine x2  
  63  18:35  Missile Turret  
  63  18:45  Marine x2  
  65  18:56  Missile Turret  
  65  19:03  Marine x2  
  67  19:11  Battlecruiser x2  
  79  19:19  Missile Turret  
  79  19:21  Marine x2  
  79  19:23  Refinery  
  81  19:27  Command Center  
  81  19:38  Marine  
  81  19:39  Marine  
  81  19:41  Missile Turret  
  81  19:42  Refinery  
  66  19:56  Marine x2  
  67  20:02  Missile Turret  
  67  20:14  Marine x2  
  67  20:15  Medivac, Battlecruiser  
  77  20:23  Missile Turret  
  77  20:32  Marine x2  
  79  20:45  Medivac, Missile Turret  
  81  20:50  Marine x2  
  63  21:07  Marine  
  63  21:08  Marine  
  65  21:15  Battlecruiser  
  71  21:19  Battlecruiser  
  77  21:25  Marine  
  77  21:26  Marine  
  49  22:13  Marine x2  
  51  22:19  Medivac  
  53  22:23  Medivac  
  55  22:31  Marine x2  
  57  22:49  Marine x2, Battlecruiser  
  65  22:53  Battlecruiser  
  71  23:01  Missile Turret  
  71  23:07  Marine x2  
  55  23:21  Missile Turret  
  55  23:24  Marine  
  55  23:25  Marine  
  56  23:40  Missile Turret  
  56  23:42  Marine x2  
  58  24:00  Marine x2  
  58  24:01  Fusion Core, Missile Turret  
  46  24:18  Marine x2  
  46  24:21  Missile Turret  
  48  24:25  Missile Turret  
  47  24:42  Missile Turret  
  47  25:02  Armory  
  47  25:18  Planetary Fortress  
  47  25:32  Missile Turret  
  47  25:39  Command Center  
  47  25:53  Missile Turret  
  47  25:54  Missile Turret  
  47  26:02  Missile Turret  
  47  26:16  Missile Turret  
  47  26:18  Missile Turret  
  46  26:36  Missile Turret  
  41  27:02  Missile Turret  
Tags
 
Add a new tag
Caveats
  • Supply blocks, unpowered buildings, or Contaminate may cause inaccurate times.
  • Supply counts are checked every 10 seconds.